 Dungeon Crawl Stone Soup version 0.27.0-1-g7a089689b8 (webtiles) character file.

Game seed: 12472035351268439463

9 Dann the Skirmisher (level 2, 0/27 HPs)
             Began as a Hill Orc Fighter on Aug 9, 2021.
             Slain by a kobold (18 damage)
             ... on level 1 of the Dungeon.
             The game lasted 00:00:24 (334 turns).

Dann the Skirmisher (Hill Orc Fighter)               Turns: 334, Time: 00:00:25

Health: 0/27       AC:  6    Str: 18    XL:     2   Next: 12%
Magic:  2/2        EV:  7    Int:  8    God:
Gold:   6          SH:  9    Dex: 10    Spells: 1/1 levels left

rFire    . . .     SeeInvis .   a - +0 war axe
rCold    . . .     Faith    .   c - +0 kite shield
rNeg     . . .     Spirit   .   b - +0 scale mail
rPois    .         Reflect  .   (no helmet)
rElec    .         Harm     .   (no cloak)
rCorr    +         Rampage  .   (no gloves)
Will     .....                  (no boots)
Stlth    ..........             (no amulet)
HPRegen  0.09/turn              h - ring of resist corrosion
MPRegen  0.08/turn              (no ring)

@: no status effects
A: no striking features
a: no special abilities


You were on level 1 of the Dungeon.
You visited 1 branch of the dungeon, and saw 1 of its levels.

You collected 6 gold pieces.

Inventory:

Hand Weapons
 a - a +0 war axe (weapon)
Armour
 b - a +0 scale mail (worn)
 c - a +0 kite shield (worn)
Jewellery
 h - a ring of resist corrosion (left hand)
Scrolls
 e - a scroll of noise {unknown}
 f - a scroll of teleportation {unknown}
 j - a scroll of amnesia {unknown}
Potions
 d - a potion of might
 g - a potion of lignification {unknown}
 i - a potion of degeneration {unknown}


   Skills:
 + Level 3.9 Fighting
 + Level 2.8 Axes
 + Level 3.5 Armour
 + Level 3.4 Shields


You had one spell level left.
You didn't know any spells.
Your spell library was empty.

Dungeon Overview and Level Annotations

Branches:
Dungeon (1/15)

Altars:


Message History

Found 22 stones.
j - a scroll labelled DUSEAVA RAEGOY A giant cockroach comes into view.
Found a trident.
A giant cockroach is nearby!
A giant cockroach is nearby!
A goblin comes into view. It is wielding a +0 club.
The goblin shouts!
The giant cockroach waves its antennae.
The giant cockroach closely misses you.
You hit the giant cockroach.
You kill the giant cockroach!
A kobold comes into view.
It is wielding a +1 dagger of electrocution.
The goblin closely misses you.
You closely miss the goblin. You block the goblin's attack. x2
An endoplasm comes into view.
You completely miss the goblin.
The endoplasm quivers.
You block the goblin's attack. The goblin hits you but does no damage.
You slash the goblin!
You kill the goblin!
You have reached level 2!
Unknown command.
The kobold hits you but does no damage.
Things that are here:
a +0 club; a goblin corpse You hit the kobold but do no damage.
The kobold hits you with a +1 dagger of electrocution.
The endoplasm jiggles.
The kobold hits you but does no damage. The endoplasm freezes you.
You are frozen.
You miss the kobold. You hit the endoplasm.
You kill the endoplasm!
The kobold hits you with a +1 dagger of electrocution.
You closely miss the kobold.
The kobold hits you with a +1 dagger of electrocution.
You are electrocuted!!
Ouch! That really hurt!
You die...

#.....##.....#
#.....##.....#
#.....##.....###
#####.##.......#
#..........# ######
#...........
......###..........
................##.
......K@..(.....#
..).............#
................#
.................
.................
.................
.................
...........#.....
.........#.....


You could see a kobold.

Vanquished Creatures
  A ball python (D:1)
  An endoplasm (D:1)
  2 giant cockroaches (D:1)
  2 goblins (D:1)
  A rat (D:1)
7 creatures vanquished.

Notes
Turn   | Place    | Note
-------+----------+-------------------------------------------
     0 | D:1      | Dann the Hill Orc Fighter began the quest for the Orb.
     0 | D:1      | Reached XP level 1. HP: 19/19 MP: 1/1
   331 | D:1      | Reached XP level 2. HP: 27/27 MP: 2/2
   334 | D:1      | Slain by a kobold

Illustrated notes

Levels and vault maps discovered:
D:1:      grunt_arrival_crossed_arrows, layout_basic,
          wander_ebering_terrifying_dragon_lair

Action                   || total
-------------------------++-------
Melee: War axe           ||    14
Armor: Scale mail        ||     8
Dodge: Dodged            ||     3
Block: Kite shield       ||     6
